[Event "Stay Safe Play From Home 174"]
[Site "T#646332Emanuel Laske"]
[Date "2020.05.25"]
[Round "8"]
[White "Patzeroglu"]
[Black "Haxhi Baha"]
[Result "1-0"]
[WhiteElo "1863"]
[BlackElo "1821"]
[Annotator "NA"]
[PlyCount "47"]
[EventDate "2020.05.25"]
[EventType "swiss (blitz)"]
[TimeControl "180"]

1. e4 e6 2. d4 d5 3. Nc3 Nf6 4. Bg5 Be7 5. e5 Nfd7 6. Bxe7 Qxe7 7. f4 a6 8. Nf3 c5 9. Bd3 cxd4 10. Ne2 Qb4+ 11. Qd2 Qxb2 12. O-O Nc6 13. f5 Ndxe5 14. Nxe5 Nxe5 15. Qg5 Nxd3 16. Qxg7 Rf8 17. fxe6 Bxe6 18. cxd3 O-O-O 19. Rac1+ Kb8 20. Nxd4 Rg8 21. Nc6+ bxc6 22. Qxb2+ Ka8 23. Rxc6 Bc8 24. Rb1 {[%emt 0:00:03] Haxhi Baha resigns (Lag: Av=0.81s, max=1.7s)} 1-0